 Dungeon Crawl Stone Soup version 0.17-a0-1430-g49fde19 (webtiles) character file.

413 urechis the Grappler (level 6, -12/59 HPs)
             Began as a Troll Monk on June 25, 2015.
             Mangled by Menkaure (20 damage)
             ... on level 5 of the Dungeon.
             The game lasted 00:06:26 (3766 turns).

urechis the Grappler (Troll Monk)                   Turns: 3766, Time: 00:06:26

Health: -12/59     AC:  5    Str: 20    XL:     6   Next: 59%
Magic:  5/5        EV: 10    Int:  6    God:
Gold:   356        SH:  0    Dex: 14    Spells: 0 memorised, 5 levels left

rFire  . . .     SeeInvis .       - Unarmed
rCold  . . .     Clarity  +     h - +0 robe (curse)
rNeg   . . .     SustAt   .     (no shield)
rPois  .         Gourm    +     (helmet restricted)
rElec  .         Spirit   .     (no cloak)
rCorr  .         Warding  .     (gloves unavailable)
rMut   .         Stasis   .     (boots unavailable)
MR     .....                    e - amulet of clarity
Stlth  ++........               (no ring)
                                (no ring)

@: not resistant to hostile enchantments, unstealthy
A: unfitting armour, claws 3, fast metabolism 3, gourmand, regeneration 2,
shaggy fur 1, tough skin 2
a: no special abilities


You were on level 5 of the Dungeon.
You were very full.

You visited 2 branches of the dungeon, and saw 6 of its levels.

You collected 356 gold pieces.

Inventory:

Missiles
 s - a throwing net (quivered)
Armour
 h - a cursed +0 robe (worn)
 n - a +0 cloak
Jewellery
 e - an amulet of clarity (around neck)
Magical devices
 q - a wand of disintegration (16)
Scrolls
 d - 4 scrolls of fear {unknown}
 f - 3 scrolls of teleportation {unknown}
 g - 5 scrolls of identify {unknown}
 i - 3 scrolls of random uselessness {unknown}
 k - 3 scrolls of remove curse {unknown}
 o - 2 scrolls of blinking {unknown}
 r - 2 scrolls of immolation {unknown}
 u - a scroll of magic mapping {unknown}
Potions
 c - 2 potions of might {unknown}
 l - a potion of flight {unknown}
 p - 2 potions of poison {unknown}
 t - a potion of beneficial mutation {unknown}
Comestibles
 a - a royal jelly
 b - 6 bread rations
 j - 2 meat rations
 m - 5 fruits
 v - a beef jerky
 w - 4 chunks of flesh


   Skills:
 - Level 2.4 Fighting
 - Level 2.4 Dodging
 - Level 1.1 Stealth
 + Level 8.0 Unarmed Combat


You had 5 spell levels left.
You didn't know any spells.

Dungeon Overview and Level Annotations

Branches:
Dungeon (5/15)             Temple (1/1) D:4

Altars:
Cheibriados
Fedhas
Gozag
Kikubaaqudgha
Makhleb
Nemelex Xobeh
Okawaru
Qazlal
Ru
Sif Muna
Trog
Vehumet
Yredelemnul
Zin

Annotations:
D:5 Menkaure


Innate Abilities, Weirdness & Mutations

You are too large for most types of armour.
You have claws for hands.
Your metabolism is lightning-fast.
You like to eat raw meat.
You heal very quickly.
You are covered in fur (AC +1).
You have very tough skin (AC +2).


Message History

You barely miss Menkaure.
Menkaure is moderately damaged.
Menkaure hits you!
A crimson imp comes into view.
You barely miss Menkaure.
Menkaure is moderately damaged.
The crimson imp shouts!
Menkaure hits you!
* * * LOW HITPOINT WARNING * * *
You claw Menkaure!
Menkaure is severely damaged.
The crimson imp moves out of view.
You scratch Menkaure but do no damage.
Menkaure is severely damaged.
Menkaure hits you.
* * * LOW HITPOINT WARNING * * *
You barely miss Menkaure.
Menkaure is severely damaged.
Menkaure hits you!!
You die...

..##.## #...## ......#
###.....
....(.#####.......
##................. .
##...............##.
..
##...............####
...##................#
#
................(#...#
..<....#@.......###..#
.......M.......## #..#
.............(.#####.#
..##...#.........###.#
##.####^.)......##. #
## ##..######...# #
#.....# # # #.#####
###


You could see Menkaure.

Vanquished Creatures
  A centaur (D:5)
  A crimson imp (D:5)
  An orc priest (D:3)
  Ijyb (D:2)
  3 worker ants
  4 gnolls (D:3)
  An adder (D:3)
  2 worms
  7 giant geckos
  11 orcs
  4 bat skeletons
  4 giant cockroaches
  5 goblins
  11 hobgoblins
  8 jackals
  A quokka (D:2)
  A ball python (D:3)
  5 bats
  6 giant newts
  11 kobolds
  A quokka skeleton (D:3)
  6 rats
95 creatures vanquished.

Notes
Turn   | Place    | Note
--------------------------------------------------------------
     0 | D:1      | urechis the Troll Monk began the quest for the Orb.
     0 | D:1      | Reached XP level 1. HP: 22/22 MP: 0/0
   142 | D:1      | Reached XP level 2. HP: 29/29 MP: 1/1
   760 | D:2      | Found a snail-covered altar of Cheibriados.
   764 | D:2      | Reached skill level 5 in Unarmed Combat
   764 | D:2      | Reached XP level 3. HP: 36/36 MP: 2/2
  1311 | D:2      | Noticed Ijyb
  1324 | D:2      | Killed Ijyb
  1483 | D:3      | Reached XP level 4. HP: 44/44 MP: 3/3
  1632 | D:3      | Found a radiant altar of Vehumet.
  1860 | D:3      | Found an iron altar of Okawaru.
  1862 | D:3      | Reached skill level 6 in Unarmed Combat
  2091 | D:3      | Reached XP level 5. HP: 20/50 MP: 4/4
  2277 | D:3      | Found a deep blue altar of Sif Muna.
  2630 | D:4      | Reached skill level 7 in Unarmed Combat
  2651 | D:4      | Found a staircase to the Ecumenical Temple.
  2671 | Temple   | Entered the Ecumenical Temple
  3213 | D:4      | Reached XP level 6. HP: 48/59 MP: 5/5
  3309 | D:5      | Entered Level 5 of the Dungeon
  3378 | D:5      | Found an ancient bone altar of Kikubaaqudgha.
  3738 | D:5      | Reached skill level 8 in Unarmed Combat
  3752 | D:5      | Noticed Menkaure
  3766 | D:5      | Mangled by Menkaure

Vault maps used:
D:1:      dpeg_arrival_round_b
D:2:      cheibriados_altar_1, uniq_iyjb
D:3:      led_sif_pool, vehumet_crystals, okawaru_altar_gauntlet_db
D:4:      minmay_temple_entry_mist, first_bread
D:5:      basic_altar, uniq_menkaure, uniq_eustachio
Temple:   triangle_lava_temple_11

Action                   |  1- 3 |  4- 6 || total
-------------------------+-------+-------++-------
Melee: Unarmed           |    74 |   154 ||   228
 Stab: Sleeping          |     5 |     3 ||     8
  Eat: Chunk             |     9 |    29 ||    38
